 Dungeon Crawl Stone Soup version 0.28-a0-794-gafe8c5f9e9 (webtiles) character file.

Game seed: 3096965508777027305

184 ders the Digger (level 5, 0/28 HPs)
             Began as a Gargoyle Earth Elementalist on Nov 6, 2021.
             Slain by an orc (6 damage)
             ... on level 3 of the Dungeon.
             The game lasted 00:12:15 (3365 turns).

ders the Digger (Gargoyle Earth Elementalist)       Turns: 3365, Time: 00:12:15

Health: 0/28       AC:  6    Str: 11    XL:     5   Next: 64%
Magic:  10/10      EV: 16    Int: 17    God:
Gold:   94         SH:  0    Dex: 16    Spells: 6/10 levels left

rFire   . . .      SeeInvis .   l - +1 dagger (flame)
rCold   . . .      Faith    .   (no shield)
rNeg    + . .      Spirit   .   b - +0 robe
rPois   ∞          Reflect  .   (no helmet)
rElec   +          Harm     .   (no cloak)
rCorr   .          Rampage  .   (no gloves)
Will    .....                   (no boots)
Stlth   ++........              (no amulet)
HPRegen 0.09/turn               a - +6 ring of dexterity
MPRegen 0.12/turn               d - +4 ring of evasion

@: mighty
A: sickness immunity, AC +4, negative energy resistance 1, electricity
resistance, torment resistance 1, petrification resistance
a: no special abilities


You were on level 3 of the Dungeon.
You visited 1 branch of the dungeon, and saw 3 of its levels.

You collected 94 gold pieces.

Inventory:

Hand Weapons
 h - a +0 whip
 k - a +0 short sword
 l - a +1 dagger of flaming (weapon)
Missiles
 q - 21 sling bullets
Armour
 b - a +0 robe (worn)
Jewellery
 a - a +6 ring of dexterity (left hand)
 d - a +4 ring of evasion (right hand)
Scrolls
 c - a scroll of amnesia {unknown}
 j - a scroll of brand weapon {unknown}
 m - a scroll of identify {unknown}
 n - a scroll of magic mapping {unknown}
 o - a scroll of teleportation {unknown}
 p - a scroll of immolation {unknown}
Potions
 e - a potion of lignification {unknown}
 f - a potion of attraction {unknown}
 i - a potion of curing {unknown}


   Skills:
 + Level 0.6 Fighting
 - Level 1.5 Dodging
 - Level 2.1 Stealth
 * Level 3.3 Spellcasting
 * Level 2.5 Transmutations
 * Level 5.0 Earth Magic


You had 6 spell levels left.
You knew the following spells:

 Your Spells              Type           Power      Damage    Failure   Level
a - Sandblast             Erth           40%        2d10      1%          1
b - Stone Arrow           Conj/Erth      22%        3d8       19%         3

Your spell library contained the following spells:

 Spells                   Type           Power      Damage    Failure   Level
 Passwall                 Tmut/Erth      12%        N/A       5%          2
 Petrify                  Tmut/Erth      15%        N/A       34%         4


Dungeon Overview and Level Annotations

Branches:
Dungeon (3/15)

Altars:
Kikubaaqudgha
Makhleb
Qazlal


Innate Abilities, Weirdness & Mutations

You are immune to sickness and miasma.
Your stone body is resilient. (AC +4)
You are immune to poison.
You resist negative energy. (rN+)
You are resistant to electric shocks. (rElec)
You are resistant to unholy torment.
You are immune to petrification.


Message History

Something hits you but does no damage. The orc barely misses you.
A magic dart appears from out of thin air!
The magic dart hits you.
You barely miss the orc.
The orc is heavily wounded.
You hit the orc. You burn the orc.
The orc is almost dead.
The orc closely misses you. Something hits you but does no damage.
You closely miss the orc.
The orc is almost dead.
The orc misses you. Something hits you but does no damage.
You barely miss the orc.
The orc is almost dead.
The orc barely misses you. The orc hits you but does no damage.
Something hits you.
You barely miss the orc.
The orc is almost dead.
The orc closely misses you. The orc hits you but does no damage.
Something hits you but does no damage.
You miss something. The orc completely misses you.
The orc hits you with a +0 club. Something hits you.
You hit something but do no damage. The orc hits you with a +0 falchion.
The orc completely misses you. Something hits you but does no damage.
You hit something. You burn something. The orc hits you but does no damage.
The orc closely misses you. Something hits you but does no damage.
You feel very mighty all of a sudden. The orc hits you with a +0 falchion.
The orc hits you with a +0 club. Something closely misses you.
You puncture the orc! You burn the orc.
You kill the orc!
The orc closely misses you.
You hear some strange, mumbled words.
A magic dart appears from out of thin air!
The magic dart hits you.
* * * LOW HITPOINT WARNING * * *
You puncture something! You burn something.
Reactivating autopickup.
You feel a bit more experienced. The orc hits you with a +0 falchion.
You die...

... #.#....≈..## .
#.##...≈..# ..#####..## ####
#..# #. #..# . #..# #. #..#
. #.o## . #. #@).## ###
.".##(# #)#..###_##
.......###### #..#.##...#
........o...# ##..####'####
.##....###..####.##.#...#.##
#.... ##....))...'.8.'._#
#.... ###....##.#...#.##
#.... ##########'#### #..o.
#...#


You could see an orc.

Vanquished Creatures
  An orc priest (D:2)
  3 orc wizards (D:3)
  4 adders (D:2)
  A gnoll (D:3)
  4 orcs
  8 ball pythons
  6 bats
  2 endoplasms (D:1)
  2 giant cockroaches
  2 goblins
  3 hobgoblins
  3 jackals (D:2)
  5 quokkas
  4 frilled lizards
  7 kobolds
  3 rats
58 creatures vanquished.

Vanquished Creatures (others)
  26 plants (D:3)
26 creatures vanquished.

Grand Total: 84 creatures vanquished

Notes
Turn   | Place    | Note
-------+----------+-------------------------------------------
     0 | D:1      | ders the Gargoyle Earth Elementalist began the quest for
                  | the Orb.
     0 | D:1      | Reached XP level 1. HP: 10/10 MP: 3/3
   369 | D:1      | Reached skill level 1 in Transmutations
   404 | D:1      | Reached XP level 2. HP: 13/15 MP: 1/5
   658 | D:1      | Reached skill level 4 in Earth Magic
  1234 | D:2      | Reached XP level 3. HP: 19/19 MP: 4/6
  1602 | D:2      | Learned a level 3 spell: Stone Arrow
  1698 | D:2      | Reached XP level 4. HP: 8/24 MP: 4/8
  1900 | D:2      | Found a faded altar of an unknown god.
  2815 | D:2      | Reached XP level 5. HP: 17/28 MP: 6/9
  3159 | D:3      | Found an ancient bone altar of Kikubaaqudgha.
  3165 | D:3      | Found a stormy altar of Qazlal.
  3169 | D:3      | Found a burning altar of Makhleb.
  3211 | D:3      | Reached skill level 5 in Earth Magic
  3365 | D:3      | Slain by an orc

Illustrated notes

Levels and vault maps discovered:
D:1:      matt_arrival_refuge, layout_basic, hangedman_abyss_or_decor_stabs
D:2:      layout_loops_cross, basic_ecumenical_altar
D:3:      layout_rooms, mainiacjoe_overflow_concentric_impassable,
          cheibrodos_worm_habitat, gammafunk_temple_overflow_wave,
          nicolae_hepliaklqana_monster_ancestors, grunt_temple_overflow_diamond,
          chequers_serial_rivers_micro_e, serial_bayou_lagoon_a

Skill      XL: |  1  2  3  4  5 |
---------------+----------------+-----
Transmutations | 1 2 |  2.5
Earth Magic    | 4 5 |  5.0
Spellcasting   | 3 |  3.3
Fighting       | |  0.6
Dodging        | |  1.5
Stealth        | |  2.1

Action                   |  1- 3 |  4- 6 || total
-------------------------+-------+-------++-------
Melee: Unarmed           |    88 |    42 ||   130
       Whip              |       |    39 ||    39
       Dagger            |       |    32 ||    32
       Short sword       |       |    10 ||    10
 Cast: Sandblast         |    35 |       ||    35
       Stone Arrow       |     2 |     7 ||     9
  Use: Potion            |       |     2 ||     2
 Stab: Sleeping          |     2 |     1 ||     3
Armor: Robe              |    90 |    54 ||   144
Dodge: Dodged            |   105 |   128 ||   233

Table legend: (Time is in decaauts)
 A = Elapsed time spent in this place.
 B = Non-inter-level travel time spent in this place.
 C = Inter-level travel time spent in this place.
 D = Time resting spent in this place.
 E = Time spent auto-exploring this place.
 F = Levels seen in this place.
 G = Mean time per level.
                   A        B        C        D        E       F      G
               +--------+--------+--------+--------+--------+-----+--------+
         Total |   3369 |   3265 |    104 |   1138 |   1390 |   3 | 1123.0 |
       Dungeon |   3369 |   3265 |    104 |   1138 |   1390 |   3 | 1123.0 |
               +--------+--------+--------+--------+--------+-----+--------+

Top non-repeatable levels by time:
     D:2: 1678 daAuts
     D:1: 1231 daAuts
     D:3: 460 daAuts
